AoeStats
← Kaiser Ze

Arena

509052592Analyzed
1v1 RM · 8d ago on Sep 25, 2026· 17m 1s· 2 players
Game mode
Random Map
Map size
Tiny (2 player)
Population
200
Speed
Normal
Resources
Standard
Victory
Conquest
Starting age
Dark Age
Ending age
Imperial Age
RankedLock teamsTeams togetherTeam positionsShared explorationLock speedFull tech treeHidden civsTurbo modeCheats
Victory
Defeat
🇹🇼 Japanese · Taiwan
1241
+18
🇨🇳 Danes · China
1292
-18
Kaiser Ze
10:02 Feudal Age
14:14 Castle Age
12:26 Double-Bit Axe
16:06 Loom
17:18 Wheelbarrow
Stoner27
11:49 Feudal Age
12:57 Double-Bit Axe
15:29 Castle Age
13:12 Horse Collar
Connection lost

Rejoining the realm…

Still unreachable

The connection could not be restored.

Session expired

The server has moved on; the page needs a fresh start.